 Dungeon Crawl Stone Soup version 0.30-a0-341-g682706514a (webtiles) character file.

Game seed: 10191147224124382497

51 Lobster4 the Firebug (level 4, -3/51 HPs)
             Began as a Human Wanderer on Nov 4, 2022.
             Slain by a kobold
             ... wielding a +0 whip
              (4 damage)
             ... in a sewer.
             The game lasted 00:07:00 (1778 turns).

Lobster4 the Firebug (Human Wanderer)               Turns: 1778, Time: 00:07:00

Health: -3/51      AC:  3    Str: 14    XL:     4   Next: 7%
Magic:  4/6        EV: 10    Int: 18    God:
Gold:   46         SH:  4    Dex: 13    Spells: 5/6 levels left

rFire   + . .      SeeInvis .    a - +0 mace
rCold   x . .      Faith    .    b - +0 buckler
rNeg    . . .      Spirit   .    d - +0 leather armour
rPois   .          Reflect  .    (no helmet)
rElec   .          Harm     .    (no cloak)
rCorr   .          Rampage  .    (no gloves)
Will    .....                    (no boots)
Stlth   ..........               (no amulet)
HPRegen 0.28/turn                j - +6 ring of intelligence
MPRegen 0.10/turn                q - ring of fire

@: berserking (expiring), very quick
A: no striking features
a: no special abilities


You were in a sewer.
You visited 1 branch of the dungeon, and saw 3 of its levels.
You also visited: Sewer.

You collected 46 gold pieces.

Inventory:

Hand Weapons
 a - a +0 mace (weapon)
Missiles
 g - 13 stones
 r - 4 poisoned darts
Armour
 b - a +0 buckler (worn)
 d - a +0 leather armour (worn)
Magical Staves
 o - a staff of death
Jewellery
 j - a +6 ring of intelligence (left hand)
 q - a ring of fire (right hand)
Scrolls
 k - a scroll of amnesia
 l - a scroll of immolation {unknown}
 m - a scroll of poison {unknown}
 s - a scroll of identify {unknown}
 v - a scroll of magic mapping {unknown}
Potions
 e - a potion of magic {unknown}
 i - a potion of degeneration {unknown}
 n - a potion of berserk rage
 t - 2 potions of haste {unknown}
 u - a potion of mutation {unknown}


   Skills:
 + Level 2.4 Fighting
 - Level 1.0 Maces & Flails
 + Level 1.5 Armour
 - Level 1.0 Stealth
 + Level 1.6 Shields
 + Level 1.5 Spellcasting
 + Level 1.0 Conjurations
 + Level 3.3 Fire Magic


You had 5 spell levels left.
You knew the following spells:

 Your Spells              Type           Power      Damage    Failure   Level
a - Foxfire               Conj/Fire      52%        2x1d6     13%         1

Your spell library contained the following spells:

 Spells                   Type           Power      Damage    Failure   Level
 Apportation              Tloc           2%         N/A       32%         1
 Sublimation of Blood     Necr           1%         N/A       43%         2
 Kindle Blastsparks       Fire/Tloc/Air  16%        2d11      52%         3
 Flame Wave               Conj/Fire      13%        2d6       78%         4
 Petrify                  Tmut/Erth      1%         N/A       97%         4
 Alistair's Intoxication  Tmut/Pois      0%         N/A       100%        5
 Irradiate                Conj/Tmut      1%         3d12      100%        5


Dungeon Overview and Level Annotations

Branches:
Dungeon (3/15)              Sewer (1/1)

Altars:


Message History

You hit the adder.
You kill the adder!
The frilled lizard barely misses you. x2
You have reached level 4!
You feel clever.
It was a potion of berserk rage.
A red film seems to cover your vision as you go berserk!
You feel yourself moving faster!
You feel mighty! The frilled lizard misses you.
You feel a strong urge to attack something.
The kobold brigand barely misses you.
Your magical contamination has completely faded away.
You sock the kobold brigand!
The kobold brigand is heavily wounded.
The kobold brigand hits you with a +0 club.
You hit the kobold brigand.
The kobold brigand is severely wounded.
The kobold brigand hits you with a +0 club!
* * * LOW HITPOINT WARNING * * *
The frilled lizard bites you but does no damage.
The kobold barely misses you.
You closely miss the kobold brigand.
The kobold brigand is severely wounded.
The kobold brigand hits you but does no damage.
The frilled lizard barely misses you. The kobold hits you with a +0 whip.
* * * LOW HITPOINT WARNING * * *
You hit the kobold brigand.
The kobold brigand is almost dead.
The kobold hits you with a +0 whip.
* * * LOW HITPOINT WARNING * * *
The kobold brigand hits you with a +0 club.
* * * LOW HITPOINT WARNING * * *
The frilled lizard bites you but does no damage.
You closely miss the kobold brigand.
The kobold brigand is almost dead.
The kobold brigand hits you with a +0 club.
* * * LOW HITPOINT WARNING * * *
The kobold closely misses you. The frilled lizard barely misses you.
The kobold hits you with a +0 whip.
You die...

#......~P# ~~~
#........# ≈~~~~
##........#
≈~~~~
#........P#~≈~~P
#P......~~#~≈~#
#.....~P~~~≈~#
#......~P#~~~#
#....lP~~~~≈~#
##...@K~~#~≈~#
##KKKK.~# ≈~#
##.K...# ~#
#.....# #
#.....# ##.....#
#......#~≈~~~.
#......#~≈~~~
#......#~≈~~


You could see 2 kobold brigands, 4 kobolds and a frilled lizard.

Vanquished Creatures
  2 adders
  A worm (D:3)
  2 bats (D:2)
  An endoplasm (D:1)
  3 goblins
  7 hobgoblins
  4 ball pythons
  3 frilled lizards
  6 kobolds
  2 rats
31 creatures vanquished.

Vanquished Creatures (collateral kills)
  A ball python (D:3)
1 creature vanquished.

Vanquished Creatures (others)
  39 foxfires
  A fungus (Sewer)
40 creatures vanquished.

Grand Total: 72 creatures vanquished

Notes
Turn   | Place    | Note
-------+----------+-------------------------------------------
     0 | D:1      | Lobster4 the Human Wanderer began the quest for the Orb.
     0 | D:1      | Lobster4 set off with the following items: a +0 mace, a +0
                  | buckler, a potion of heal wounds, a +0 leather armour; and
                  | the following spell memorised: Foxfire; and the following
                  | spells available to memorise: Kindle Blastsparks, Flame
                  | Wave.
     0 | D:1      | Reached XP level 1. HP: 16/16 MP: 2/2
   398 | D:1      | Reached XP level 2. HP: 20/22 MP: 1/3
   474 | D:1      | Found a faded altar of an unknown god.
   847 | D:2      | Reached XP level 3. HP: 27/27 MP: 0/4
  1669 | D:3      | Found a glowing drain.
  1692 | D:3      | Reached skill level 1 in Conjurations
  1730 | Sewer    | Entered a sewer
  1747 | Sewer    | Noticed a kobold brigand
  1747 | Sewer    | Noticed a kobold brigand
  1771 | Sewer    | Reached XP level 4. HP: 14/34 MP: 3/6
  1778 | Sewer    | HP: 1/51 [kobold brigand/+0 club (5)]
  1778 | Sewer    | Slain by a kobold

Illustrated notes

Levels and vault maps discovered:
D:1:      scummos_arrival_gate, layout_basic, chequers_ecumenical_altar_simple
D:2:      layout_basic
D:3:      layout_basic, nicolae_hepliaklqana_hazy_memory,
          cheibrodos_sewer_entry_sluice, uniq_grinder
Sewer:    kennysheep_pipe_town

Skill      XL: |  1  2  3 |
---------------+----------+-----
Conjurations   | 1 |  1.0
Fighting       | |  2.4
Maces & Flails | |  1.0
Armour         | |  1.5
Stealth        | |  1.0
Shields        | |  1.6
Spellcasting   | |  1.5
Fire Magic     | |  3.3

Action                   |  1- 3 |  4- 6 || total
-------------------------+-------+-------++-------
Melee: Mace              |    59 |     5 ||    64
 Cast: Foxfire           |    26 |       ||    26
  Use: Scroll            |     5 |       ||     5
       Potion            |     1 |     1 ||     2
 Stab: Sleeping          |     1 |       ||     1
Armor: Leather armour    |    16 |     3 ||    19
Dodge: Dodged            |    36 |     6 ||    42
Block: Buckler           |    18 |       ||    18

Table legend: (Time is in decaauts)
 A = Elapsed time spent in this place.
 B = Non-inter-level travel time spent in this place.
 C = Inter-level travel time spent in this place.
 D = Time resting spent in this place.
 E = Time spent auto-exploring this place.
 F = Levels seen in this place.
 G = Mean time per level.
                   A        B        C        D        E       F      G
               +--------+--------+--------+--------+--------+-----+--------+
         Total |   1806 |   1774 |     32 |     68 |   1244 |   4 |  451.5 |
       Dungeon |   1747 |   1715 |     32 |     68 |   1221 |   3 |  582.3 |
         Sewer |     59 |     59 |      0 |      0 |     23 |   1 |   59.0 |
               +--------+--------+--------+--------+--------+-----+--------+

Top non-repeatable levels by time:
     D:2: 848 daAuts
     D:1: 805 daAuts
     D:3: 94 daAuts
   Sewer: 59 daAuts
